 Dungeon Crawl Stone Soup version 0.25-a0-700-g7f8a7979f0 (webtiles) character file.

Game seed: 8619505164926720259, levelgen mode: deterministic

44 Iscandelvey the Charmwright (level 3, 0/28 HPs)
             Began as a Demonspawn Skald on Apr 2, 2020.
             Slain by a goblin (1 damage)
             ... led by Robin
             ... on level 1 of the Dungeon.
             The game lasted 00:02:39 (1786 turns).

Iscandelvey the Charmwright (Demonspawn Skald)      Turns: 1786, Time: 00:02:39

Health: 0/28       AC:  3    Str: 11    XL:     3   Next: 39%
Magic:  0/6        EV: 12    Int: 15    God:
Gold:   48         SH:  0    Dex: 12    Spells: 1/6 levels left

rFire    . . .     SeeInvis .   a - +0 spear
rCold    . . .     Gourm    .   (no shield)
rNeg     . . .     Faith    .   b - +0 leather armour
rPois    .         Spirit   +   (no helmet)
rElec    .         Reflect  .   (no cloak)
rCorr    .         Harm     .   (no gloves)
MR       .....                  (no boots)
Stlth    +.........             (no amulet)
HPRegen  0.09/turn              (no ring)
MPRegen  0.10/turn              (no ring)

@: no status effects
A: magic shield
a: no special abilities


You were on level 1 of the Dungeon.
You were not hungry.

You visited 1 branch of the dungeon, and saw 2 of its levels.

You collected 48 gold pieces.

Inventory:

Hand Weapons
 a - a +0 spear (weapon)
Missiles
 e - 24 poisoned darts (quivered)
Armour
 b - a +0 leather armour (worn)
Scrolls
 c - 3 scrolls of teleportation {unknown}
 f - a scroll of fear {unknown}
 g - 2 scrolls of remove curse {unknown}
 h - 2 scrolls of identify {unknown}
 i - a scroll of enchant armour {unknown}
Comestibles
 d - 3 rations
 j - 4 chunks of flesh


   Skills:
 + Level 2.7 Fighting
 + Level 2.3 Polearms
 + Level 1.1 Armour
 + Level 2.0 Dodging
 + Level 2.1 Spellcasting
 + Level 3.0 Charms


You had one spell level left.
You knew the following spells:

 Your Spells              Type           Power        Failure   Level  Hunger
a - Infusion              Chrm           ##..         9%          1    #......
b - Shroud of Golubria    Chrm/Tloc      #.....       24%         2    ###....
c - Song of Slaying       Chrm           ##......     13%         2    ###....

Your spell library contained the following spells:

 Spells                   Type           Power        Failure   Level  Hunger
 Ozocubu's Armour         Chrm/Ice       #.......     43%         3    ###....
 Spectral Weapon          Hex/Chrm       #.......     43%         3    ###....


Dungeon Overview and Level Annotations

Branches:
Dungeon (2/15)

Altars:

Annotations:
D:2 Robin


Innate Abilities, Weirdness & Mutations

When hurt, damage is shared between your health and your magic reserves.


Message History

The goblin completely misses you.
You miss the jackal.
The jackal is severely wounded.
The jackal bites you.
* * * LOW HITPOINT WARNING * * *
The jackal barely misses you. The goblin hits you.
* * * LOW HITPOINT WARNING * * *
You completely miss the jackal.
The jackal is severely wounded.
The jackal closely misses you. The goblin misses you.
You closely miss the jackal.
The jackal is severely wounded.
The goblin no longer looks unusually strong.
The jackal bites you. The goblin hits you but does no damage.
The jackal barely misses you.
You hit the jackal.
You kill the jackal!
The goblin barely misses you. The goblin hits you.
You die...

#.....#####...#.#.#########.....
#.....'...'...'....##.....'.....
#.....#####...#.#..##.###.#.....
#.....# ######.#..##.# #.#.....
#.....# #...##.#..##.# #.#.....
#.#'### #...##.#..##.# #.#.....
#.#.######...##.......# #.#.....
#.#.....##...############.#.....
#.#.....##...#>@................
#.#.....##...#g#######.##)##.###
#.#.....##......................
#.#.....##.....#######.##.##.###
#.#.....####...# #.#.....#
#.#.....# ##### #.#######
#.#.....# #.......# #.#.....#
#######.# #.#.....# #.#


You could see a goblin.

Vanquished Creatures
  An ooze (D:1)
  A dart slug (D:1)
  4 bats (D:1)
  A giant cockroach (D:1)
  6 goblins
  5 hobgoblins (D:1)
  4 jackals
  5 frilled lizards (D:1)
  4 kobolds (D:1)
  3 rats (D:1)
34 creatures vanquished.

Notes
Turn   | Place    | Note
-------+----------+-------------------------------------------
     0 | D:1      | Iscandelvey the Demonspawn Skald began the quest for the
                  | Orb.
     0 | D:1      | Reached XP level 1. HP: 16/16 MP: 3/3
   536 | D:1      | Gained mutation: When hurt, damage is shared between your
                  | health and your magic reserves. [demonic ancestry]
   536 | D:1      | Reached XP level 2. HP: 21/22 MP: 5/5
   662 | D:1      | HP: 1/23 [poisoned by a hobgoblin]
   975 | D:1      | Reached skill level 3 in Charms
  1569 | D:2      | Reached XP level 3. HP: 24/28 MP: 4/6
  1595 | D:1      | Learned a level 2 spell: Shroud of Golubria
  1598 | D:1      | Learned a level 2 spell: Song of Slaying
  1757 | D:1      | Reached skill level 1 in Armour
  1769 | D:2      | Noticed Robin
  1782 | D:1      | HP: 1/28 [goblin[Robin] (4)]
  1786 | D:1      | Slain by a goblin

Levels and vault maps discovered:
D:1:      lightli_arrival_farm, layout_basic, minmay_heptomino_l4
D:2:      layout_loops_ring, uniq_robin

Skill      XL: |  1  2  3 |
---------------+----------+-----
Polearms       | 2 |  2.3
Charms         | 3 |  3.0
Armour         | 1 |  1.1
Dodging        | 2 |  2.0
Fighting       | |  2.7
Spellcasting   | |  2.1

Action                   || total
-------------------------++-------
Melee: Spear             ||   145
 Cast: Shroud of Golubri ||     1
       Song of Slaying   ||     1
  Eat: Chunk             ||     3
Armor: Leather armour    ||    45
Dodge: Dodged            ||   120

Table legend:
 A = Non-vault XP
 B = Vault XP
 C = Vault XP percentage of total XP
 D = Non-vault monster count
 E = Vault monster count
 F = Vault count percentage of total count
                 A         B        C        D         E       F
            +---------+---------+-------+---------+---------+-------
      Total |      43 |      20 |  31.7 |      23 |      11 |  32.4
            +---------+---------+-------+---------+---------+-------
        D:1 |      41 |      15 |  26.8 |      22 |       8 |  26.7
        D:2 |       2 |       5 |  71.4 |       1 |       3 |  75.0
            +---------+---------+-------+---------+---------+-------
